 Dungeon Crawl Stone Soup version 0.18.1-48-g4cf74bf (webtiles) character file.

5293 DungeonyCrawlthano the Martial Artist (level 10, 0/70 HPs)
             Began as a Demonspawn Monk on Aug 13, 2016.
             Was an Elder of Okawaru.
             Slain by an orc warrior
             ... wielding a +0 mace
              (22 damage)
             ... on level 9 of the Dungeon.
             The game lasted 00:20:39 (10556 turns).

DungeonyCrawlthano the Martial Artist (DsMo)       Turns: 10556, Time: 00:20:40

Health: 0/70       AC: 12    Str: 11    XL:     10   Next: 37%
Magic:  10/10      EV: 17    Int: 13    God:    Okawaru [****..]
Gold:   330        SH:  3    Dex: 18    Spells: 0 memorised, 9 levels left

rFire  . . .     SeeInvis .       - Unarmed
rCold  + . .     Gourm    .     C - +0 leather armour {rPois}
rNeg   . . .     Faith    .     (no shield)
rPois  +         Spirit   .     (no helmet)
rElec  .         Dismiss  .     d - +0 cloak
rCorr  .         Reflect  .     z - +0 pair of gloves
SustAt .         Harm     .     (no boots)
MR     .....                    f - amulet of rage
Stlth  ++........               v - ring of protection from cold
                                t - +4 ring of protection

@: not resistant to hostile enchantments, unstealthy
A: talons 2, large bone plates 2
a: Heroism, Renounce Religion, Evoke Berserk Rage


You were on level 9 of the Dungeon.
You worshipped Okawaru.
Okawaru was greatly pleased with you.
You were not hungry.

You visited 1 branch of the dungeon, and saw 9 of its levels.

You collected 378 gold pieces.
You spent 48 gold pieces at shops.

Inventory:

Armour
 d - a +0 cloak (worn)
 z - a +0 pair of gloves (worn)
 C - a +0 leather armour of poison resistance (worn)
Jewellery
 f - an amulet of rage (around neck)
 t - a +4 ring of protection (left hand)
 v - a ring of protection from cold (right hand)
Wands
 o - a wand of lightning (8/15)
 r - a wand of paralysis (9/24)
 x - a wand of enslavement (16/24)
Scrolls
 c - 7 scrolls of remove curse
 k - 4 scrolls of teleportation
 s - a scroll of blinking
 y - a scroll of magic mapping
 D - 2 scrolls of identify
Potions
 e - 7 potions of curing
 h - 2 potions of flight
 l - 4 potions of lignification
 m - a potion of mutation
 n - 6 potions of heal wounds
 p - 2 potions of agility
 q - a potion of invisibility
 w - 2 potions of haste
 B - 2 potions of ambrosia
Comestibles
 a - 4 chunks of flesh
 b - 2 bread rations
 g - 2 royal jellies
 i - 7 meat rations
 j - 4 fruits
 u - 2 slices of pizza


   Skills:
 - Level 3.0 Fighting
 + Level 3.4 Armour
 - Level 7.7 Dodging
 - Level 1.7 Stealth
 - Level 12.0 Unarmed Combat


You had 9 spell levels left.
You didn't know any spells.

Dungeon Overview and Level Annotations

Branches:
Dungeon (9/15)             Temple (0/1) D:7            Lair (0/8) D:8
    Orc (0/2) D:9

Altars:
Ashenzari
Cheibriados
Elyvilon
Kikubaaqudgha
Makhleb
Nemelex Xobeh
Okawaru
Pakellas
Qazlal
Trog
Yredelemnul
Zin
Beogh

Shops:
D:4 ?   D:8 !

Annotations:
D:4 Arkhen's ghost, amateur MiFi


Innate Abilities, Weirdness & Mutations

You have razor-sharp toenails.
You are mostly covered in large bone plates (AC +3, SH +3).


Message History

The orc warrior is moderately wounded.
The orc warrior completely misses you. The orc hits you with a dagger.
You punch the orc warrior!
The orc warrior is almost dead.
You hit the orc warrior.
You kill the orc warrior!
Okawaru accepts your kill.
An orc comes into view. It is wielding a hand axe.
You fail to use your ability.
The orc moves out of view.
The orc warrior hits you but does no damage.
You hit the orc warrior.
The orc warrior is moderately wounded.
You hit the orc warrior.
The orc warrior is moderately wounded.
The orc warrior hits you with a mace!
The orc warrior shouts!
You hit the orc warrior. Your kick misses the orc warrior.
The orc warrior is heavily wounded.
The orc warrior hits you with a mace!!
You die...

#### .' ##.# #. ..8 ⌠..#..#
#.##..# ...#.### .....#
....#...# #### #####'##.#
._.>#...# ...#
#....[...#o....#...# ...#
####...(....#o....#...#
...###..'.().....8o.⌠..#...#
...##.)##.....[)@oo....#...#
...##.###....)..)8o....#...#
..))))# #........#.....#...#
...#### #######'.#######...#
#### #.###.....!..# ### #.#
###<.....# ..# ..# ####.###
#.# ###+###### ##..# #+##
#....(..# #..##


You could see 3 orc warriors and 3 orcs.

Vanquished Creatures
  Grinder (D:4)
  A two-headed ogre (D:8)
  Sigmund (D:4)
  A wyvern (D:8)
  Eustachio (D:6)
  A hungry ghost (D:9)
  A water moccasin (D:9)
  6 orc warriors
  A wasp (D:6)
  An ice beast (D:7)
  4 sky beasts
  7 ogres
  3 wolves (D:8)
  A centaur (D:7)
  2 big kobolds
  4 giant frogs
  Blork the orc (D:6)
  2 scorpions
  An electric eel (D:8)
  3 crimson imps
  2 quasits
  6 hounds
  8 orc priests
  4 jellies
  7 orc wizards
  A giant frog zombie (D:7)
  2 centaur skeletons
  Natasha (D:4)
  4 iguanas
  7 worker ants
  A hound skeleton (D:4)
  A hound zombie (D:7)
  A worker ant zombie (D:9)
  9 adders
  2 oozes
  An adder zombie (D:7)
  3 worms (D:2)
  11 dart slugs
  6 giant geckos
  39 orcs
  4 bats
  6 giant cockroaches
  9 goblins
  6 hobgoblins
  5 jackals
  18 kobolds
  5 quokkas
  4 giant newts
  2 quokka skeletons
  3 rats
221 creatures vanquished.

Notes
Turn   | Place    | Note
--------------------------------------------------------------
     0 | D:1      | DungeonyCrawlthano the Demonspawn Monk began the quest for the Orb.
     0 | D:1      | Reached XP level 1. HP: 18/18 MP: 1/1
   232 | D:1      | Reached skill level 4 in Unarmed Combat
   236 | D:1      | Gained mutation: You are partially covered in large bone plates (AC +2, SH +2). [demonic ancestry]
   236 | D:1      | Reached XP level 2. HP: 12/24 MP: 2/2
   844 | D:2      | Reached XP level 3. HP: 15/29 MP: 3/3
  1116 | D:2      | Found a burning altar of Makhleb.
  1412 | D:2      | Reached skill level 5 in Unarmed Combat
  1621 | D:3      | Reached XP level 4. HP: 25/35 MP: 4/4
  2637 | D:3      | Gained mutation: You have sharp toenails. [demonic ancestry]
  2637 | D:3      | Reached XP level 5. HP: 37/41 MP: 5/5
  2856 | D:4      | Noticed Grinder
  2858 | D:4      | Paralysed by Grinder for 7 turns
  2966 | D:3      | Reached skill level 6 in Unarmed Combat
  3787 | D:4      | Paralysed by Grinder for 7 turns
  3829 | D:4      | Paralysed by Grinder for 4 turns
  4118 | D:5      | Entered Level 5 of the Dungeon
  4153 | D:5      | Found an iron altar of Okawaru.
  4162 | D:5      | Gained mutation: You have razor-sharp toenails. [demonic ancestry]
  4162 | D:5      | Reached XP level 6. HP: 47/47 MP: 6/6
  4306 | D:5      | Became a worshipper of Warmaster Okawaru
  4306 | D:5      | Reached * piety under Okawaru
  4306 | D:5      | Reached ** piety under Okawaru
  4317 | D:5      | Noticed a sky beast
  4333 | D:5      | Killed a sky beast
  4333 | D:5      | Reached skill level 7 in Unarmed Combat
  4461 | D:5      | Found an ancient bone altar of Kikubaaqudgha.
  4548 | D:5      | Found a sparkling altar of Nemelex Xobeh.
  4549 | D:5      | Found a bloodstained altar of Trog.
  4549 | D:5      | Found a white marble altar of Elyvilon.
  4549 | D:5      | Found a shattered altar of Ashenzari.
  4550 | D:5      | Found a basalt altar of Yredelemnul.
  4550 | D:5      | Found a glowing silver altar of Zin.
  4575 | D:5      | Found a stormy altar of Qazlal.
  4613 | D:5      | Reached XP level 7. HP: 37/52 MP: 4/7
  4697 | D:5      | Reached skill level 8 in Unarmed Combat
  5085 | D:4      | Paralysed by Grinder for 6 turns
  5093 | D:4      | HP: 2/78 [Grinder (5)]
  5116 | D:4      | Killed Grinder
  5116 | D:4      | Reached skill level 9 in Unarmed Combat
  5116 | D:4      | Reached XP level 8. HP: 8/58 MP: 5/8
  5413 | D:4      | Noticed Arkhen's ghost (amateur MiFi)
  5659 | D:4      | Noticed Natasha
  5668 | D:4      | Killed Natasha
  5827 | D:4      | Found Furuast's Magic Scroll Shop.
  5831 | D:4      | Bought a scroll of identify for 24 gold pieces
  5832 | D:4      | Bought a scroll of identify for 24 gold pieces
  5861 | D:4      | Noticed Sigmund
  5867 | D:4      | Killed Sigmund
  5867 | D:4      | Reached skill level 10 in Unarmed Combat
  6261 | D:6      | Noticed Blork the orc
  6268 | D:6      | Killed Blork the orc
  6289 | D:6      | Noticed Eustachio
  6327 | D:6      | Killed Eustachio
  6450 | D:6      | Reached skill level 11 in Unarmed Combat
  6578 | D:6      | Reached *** piety under Okawaru
  6591 | D:6      | Gained mutation: You are mostly covered in large bone plates (AC +3, SH +3). [demonic ancestry]
  6591 | D:6      | Reached XP level 9. HP: 23/63 MP: 6/9
  7487 | D:7      | Reached skill level 12 in Unarmed Combat
  7574 | D:7      | Found a staircase to the Ecumenical Temple.
  7648 | D:7      | Found an iron altar of Okawaru.
  7648 | D:7      | Found a snail-covered altar of Cheibriados.
  8047 | D:8      | Found a staircase to the Lair.
  8057 | D:8      | Received a gift from Okawaru
  8085 | D:8      | Reached skill level 5 in Dodging
  8093 | D:8      | Noticed a troll
  8132 | D:8      | HP: 3/63 [troll (10)]
  8132 | D:8      | HP: 1/63 [troll (2)]
  9129 | D:8      | Reached **** piety under Okawaru
  9547 | D:8      | Reached XP level 10. HP: 19/70 MP: 10/10
  9901 | D:8      | Found Nydepu's Distillery.
 10105 | D:9      | Found an oddly glowing altar of Pakellas.
 10412 | D:9      | Reached skill level 1 in Armour
 10548 | D:9      | Found a roughly hewn altar of Beogh.
 10548 | D:9      | Found a staircase to the Orcish Mines.
 10556 | D:9      | Slain by an orc warrior

Skill      XL: |  1  2  3  4  5  6  7  8  9 10 |
---------------+-------------------------------+-----
Unarmed Combat | 4 5 6 7 9 11 12 | 12.0
Dodging        | 6 7 |  7.7
Armour         | 3 |  3.4
Fighting       | |  3.0
Stealth        | |  1.7

Action                   |  1- 3 |  4- 6 |  7- 9 | 10-12 || total
-------------------------+-------+-------+-------+-------++-------
Melee: Unarmed           |   152 |   249 |   471 |   124 ||   996
       Punch             |     4 |     7 |    22 |     6 ||    39
       Kick              |       |    34 |   128 |    29 ||   191
Invok: Heroism           |       |     3 |    14 |     4 ||    21
 Abil: Evoke Berserk Rag |       |       |     1 |       ||     1
  Use: Scroll            |     4 |     7 |    12 |     4 ||    27
 Stab: Sleeping          |     9 |     2 |     6 |     2 ||    19
  Eat: Chunk             |     2 |     9 |     9 |     2 ||    22
       Bread ration      |       |       |     2 |     1 ||     3
Armor: Robe              |    29 |    73 |    92 |    13 ||   207
       Leather armour    |       |       |       |     3 ||     3
Dodge: Dodged            |    82 |   150 |   290 |    74 ||   596
Block: Other             |     4 |    19 |    40 |    10 ||    73
